 Dungeon Crawl Stone Soup version 0.25.1-2-g60ff931df9 (webtiles) character file.

Game seed: 14841251644018506024

65 pokeman the Magician (level 3, -1/20 HPs)
             Began as a Deep Elf Wizard on Nov 17, 2020.
             Slain by a kobold (4 damage)
             ... on level 2 of the Dungeon.
             The game lasted 00:03:24 (2405 turns).

pokeman the Magician (Deep Elf Wizard)              Turns: 2405, Time: 00:03:25

Health: -1/20      AC:  4    Str:  4    XL:     3   Next: 94%
Magic:  3/11       EV: 11    Int: 23    God:
Gold:   103        SH:  0    Dex: 13    Spells: 1/12 levels left

rFire    . . .     SeeInvis .   m - +0 hand axe (vorpal)
rCold    . . .     Gourm    .   (no shield)
rNeg     . . .     Faith    .   e - +0 leather armour
rPois    .         Spirit   .   b - +0 hat
rElec    .         Reflect  .   (no cloak)
rCorr    .         Harm     .   (no gloves)
MR       .....                  a - +0 pair of boots
Stlth    ++........             w - amulet of inaccuracy (curse)
HPRegen  0.06/turn              (no ring)
MPRegen  0.12/turn              (no ring)

@: no status effects
A: no striking features
a: no special abilities


You were on level 2 of the Dungeon.
You were not hungry.

You visited 1 branch of the dungeon, and saw 2 of its levels.

You collected 103 gold pieces.

Inventory:

Hand Weapons
 m - a +0 vorpal hand axe (weapon)
Missiles
 u - 17 bolts
Armour
 a - a +0 pair of boots (worn)
 b - a +0 hat (worn)
 e - a +0 leather armour (worn)
 j - a +0 kite shield
Jewellery
 c - an uncursed amulet of guardian spirit
 w - a cursed amulet of inaccuracy (around neck)
 x - an uncursed ring of ice
Wands
 r - a wand of acid (5)
Scrolls
 f - a scroll of fog {unknown}
 g - a scroll of amnesia {unknown}
 i - 4 scrolls of identify {unknown}
 n - a scroll of enchant armour {unknown}
 p - a scroll of teleportation {unknown}
 q - a scroll of immolation {unknown}
 v - a scroll of enchant weapon {unknown}
Potions
 h - a potion of cancellation {unknown}
 k - 2 potions of heal wounds {unknown}
 l - a potion of curing {unknown}
 s - 2 potions of lignification {unknown}
 t - a potion of mutation {unknown}
Comestibles
 d - 2 rations
 o - 2 chunks of flesh


   Skills:
 - Level 1.0 Fighting
 - Level 1.0 Armour
 + Level 2.5 Dodging
 - Level 2.4 Stealth
 + Level 0.1 Shields
 * Level 5.4 Spellcasting
 + Level 2.1 Conjurations
 - Level 1.1 Summonings
 - Level 1.1 Translocations


You had one spell level left.
You knew the following spells:

 Your Spells              Type           Power        Failure   Level  Hunger
a - Magic Dart            Conj           ###.         6%          1    None
b - Mephitic Cloud        Conj/Pois/Air  #.......     34%         3    ##.....
c - Call Imp              Summ           ##......     16%         2    None
d - Blink                 Tloc           N/A          16%         2    None
e - Conjure Flame         Conj/Fire      ##......     30%         3    ##.....

Your spell library contained the following spells:

 Spells                   Type           Power        Failure   Level  Hunger
 Slow                     Hex            #.......     24%         2    None


Dungeon Overview and Level Annotations

Branches:
Dungeon (2/15)

Altars:
Cheibriados
Hepliaklqana
Xom


Message History

You hit the kobold but do no damage.
The kobold is heavily wounded.
The kobold hits you.
* * * LOW HITPOINT WARNING * * *
Your magical contamination has completely faded away.
You barely miss the kobold.
The kobold is heavily wounded.
The kobold barely misses you. x2
You miss the kobold.
The kobold is heavily wounded.
The kobold barely misses you.
You miss the kobold.
The kobold is heavily wounded.
The kobold barely misses you. The kobold hits you.
* * * LOW HITPOINT WARNING * * *
You barely miss the kobold.
The kobold is heavily wounded.
The kobold hits you.
You die...

######
#....###########
#.##>#.........####
#.##(..............
#......#######.####
####.#########.####
#..>..............
#.##########...###
#@# #.._.... #K#
#....... #l#
#....... #.#
#####... #.# #...
#.'l..... ####
###.##### †$. .##


You could see a leopard gecko and a kobold.

Vanquished Creatures
  3 adders (D:2)
  A worm (D:2)
  4 giant cockroaches
  7 goblins
  5 hobgoblins
  A kobold (D:1)
  4 bats
  5 frilled lizards
  4 rats
34 creatures vanquished.

Notes
Turn   | Place    | Note
-------+----------+-------------------------------------------
     0 | D:1      | pokeman the Deep Elf Wizard began the quest for the Orb.
     0 | D:1      | Reached XP level 1. HP: 10/10 MP: 7/7
   468 | D:1      | Reached XP level 2. HP: 15/15 MP: 6/9
  1301 | D:2      | Found a faded altar of an unknown god.
  1319 | D:2      | Reached skill level 5 in Spellcasting
  1319 | D:2      | Reached XP level 3. HP: 8/20 MP: 0/11
  1632 | D:2      | Found a snail-covered altar of Cheibriados.
  1770 | D:2      | Found a hazy altar of Hepliaklqana.
  1836 | D:2      | Found a shimmering altar of Xom.
  1846 | D:2      | Learned a level 3 spell: Mephitic Cloud
  1849 | D:2      | Learned a level 2 spell: Call Imp
  1852 | D:2      | Learned a level 2 spell: Blink
  1856 | D:2      | Learned a level 3 spell: Conjure Flame
  2381 | D:2      | Reached skill level 1 in Fighting
  2381 | D:2      | Reached skill level 1 in Armour
  2405 | D:2      | Slain by a kobold

Illustrated notes

Levels and vault maps discovered:
D:1:      dpeg_arrival_central, layout_basic
D:2:      layout_basic, cheibriados_altar_1, lemuel_round_altar,
          marbit_many_paths, chequers_ecumenical_altar_simple, first_ration,
          kennysheep_small_spiral

Skill      XL: |  1  2  3 |
---------------+----------+-----
Spellcasting   | 5 |  5.4
Conjurations   | 2 |  2.1
Fighting       | 1 |  1.0
Armour         | 1 |  1.0
Dodging        | |  2.5
Stealth        | |  2.4
Shields        | |  0.1
Summonings     | |  1.1
Translocations | |  1.1

Action                   || total
-------------------------++-------
Melee: Hand axe          ||    25
 Cast: Magic Dart        ||    81
       Mephitic Cloud    ||     1
 Stab: Sleeping          ||     1
  Eat: Chunk             ||     4
Armor: Leather armour    ||    11
Dodge: Dodged            ||    28
